 Dungeon Crawl Stone Soup version 0.29-a0-613-gf2c431b9b9 (webtiles) character file.

Game seed: 10344485664978612743

43 DocClef the Skirmisher (level 3, -2/33 HPs)
             Began as a Draconian Transmuter on June 16, 2022.
             Slain by a goblin
             ... wielding a +0 club
              (3 damage)
             ... on level 4 of the Dungeon.
             The game lasted 00:01:39 (1642 turns).

DocClef the Skirmisher (Draconian Transmuter)       Turns: 1642, Time: 00:01:40

Health: -2/33      AC:  6    Str: 14    XL:     3   Next: 37%
Magic:  6/6        EV: 12    Int: 13    God:
Gold:   89         SH:  0    Dex: 11    Spells: 5/6 levels left

rFire   . . .      SeeInvis .     - Unarmed
rCold   . . .      Faith    .   (no shield)
rNeg    . . .      Spirit   .   (body armour unavailable)
rPois   .          Reflect  .   (helmet restricted)
rElec   .          Harm     .   f - +0 cloak
rCorr   .          Rampage  .   (no gloves)
Will    .....                   (no boots)
Stlth   +.........              (no amulet)
HPRegen 0.11/turn               (no ring)
MPRegen 0.10/turn               (no ring)

@: no status effects
A: AC +5, unfitting armour, cold-blooded
a: no special abilities


You were on level 4 of the Dungeon.
You visited 1 branch of the dungeon, and saw 4 of its levels.

You collected 89 gold pieces.

Inventory:

Missiles
 c - 2 throwing nets
Armour
 f - a +0 cloak (worn)
Scrolls
 e - a scroll of blinking {unknown}
 g - 3 scrolls of identify {unknown}
 h - a scroll of enchant armour {unknown}
 k - a scroll of acquirement {unknown}
Potions
 a - 2 potions of lignification
 b - a potion of haste {unknown}
 d - 2 potions of curing {unknown}
 i - 2 potions of magic {unknown}
 j - a potion of heal wounds {unknown}


   Skills:
 + Level 3.7 Fighting
 - Level 1.7 Dodging
 - Level 3.0 Unarmed Combat
 - Level 2.0 Spellcasting
 - Level 2.0 Transmutations


You had 5 spell levels left.
You knew the following spells:

 Your Spells              Type           Power      Damage    Failure   Level
a - Beastly Appendage     Tmut           12%        N/A       11%         1

Your spell library contained the following spells:

 Spells                   Type           Power      Damage    Failure   Level
 Wereblood                Tmut           6%         N/A       17%         2
 Shock                    Conj/Air       4%         1d3       26%         1
 Spider Form              Tmut/Pois      3%         N/A       45%         3
 Swiftness                Air            1%         N/A       58%         3
 Tukima's Dance           Hex            1%         N/A       58%         3
 Ice Form                 Ice/Tmut       3%         N/A       86%         4
 Airstrike                Air            0%         N/A       94%         4
 Passage of Golubria      Tloc           1%         N/A       94%         4
 Yara's Violent Unravell  Hex/Tmut       1%         3d3       99%         5


Dungeon Overview and Level Annotations

Branches:
Dungeon (5/15)
 Temple: D:4-7

Altars:

Shops:
D:2 :!


Innate Abilities, Weirdness & Mutations

Your plain brown scales are hard. (AC +5)
You cannot fit into any form of body armour.
You are cold-blooded and may be slowed by cold attacks.


Message History

You barely miss the gnoll. You claw the gnoll.
The gnoll is severely wounded.
The gnoll hits you from afar with a +0 spear.
The gnoll hits you with a +0 whip.
You are too injured to fight recklessly!
You are too injured to fight recklessly!
You closely miss the gnoll. You headbutt the gnoll.
You kill the gnoll!
The gnoll closely misses you. The gnoll hits you with a +0 spear.
The gnoll hits you from afar with a +0 spear.
* * * LOW HITPOINT WARNING * * *
There is a stone staircase leading up here.
You see here a +0 whip.
The gnoll closely misses you. The gnoll hits you with a +0 spear.
* * * LOW HITPOINT WARNING * * *
You climb upwards.
The goblin shouts!
There is a stone staircase leading down here.
You completely miss the gnoll. You claw the gnoll.
The gnoll is lightly wounded.
The gnoll completely misses you. The goblin hits you but does no damage.
You hit the gnoll. You tail-slap the gnoll.
The gnoll is heavily wounded.
The gnoll barely misses you. The goblin hits you but does no damage.
You hit the gnoll. Your kick misses the gnoll.
The gnoll is heavily wounded.
The gnoll misses you. The goblin closely misses you.
You hit the gnoll.
The gnoll is almost dead.
The gnoll hits you with a +0 spear.
* * * LOW HITPOINT WARNING * * *
The goblin barely misses you.
You closely miss the gnoll. Your kick misses the gnoll.
The gnoll is almost dead.
Your horns disappear.
Your talons disappear.
The gnoll hits you with a +0 spear.
* * * LOW HITPOINT WARNING * * *
The goblin hits you with a +0 club.
You die...

#.
#.
#.
#.##
#...
#..#
#gg#
#@#
###


You could see a gnoll and a goblin.

Vanquished Creatures
  A gnoll (D:5)
  A dart slug (D:1)
  A ball python (D:1)
  5 endoplasms
  A giant cockroach (D:1)
  2 goblins (D:1)
  7 hobgoblins
  A kobold (D:1)
  2 quokkas (D:1)
  2 bats
  5 rats
28 creatures vanquished.

Notes
Turn   | Place    | Note
-------+----------+-------------------------------------------
     0 | D:1      | DocClef the Draconian Transmuter began the quest for the
                  | Orb.
     0 | D:1      | Reached XP level 1. HP: 16/16 MP: 3/3
     2 | D:1      | Noticed a spriggan
     2 | D:1      | Noticed a merfolk
     4 | D:1      | Noticed a formicid
     6 | D:1      | Noticed a demonspawn
     8 | D:1      | Noticed an elf
     8 | D:1      | Noticed an octopode
    12 | D:1      | Noticed a demigod
    12 | D:1      | Noticed a dwarf
    14 | D:1      | Noticed a vine stalker
    14 | D:1      | Noticed a draconian
    16 | D:1      | Noticed a naga
    18 | D:1      | Noticed a tengu
    18 | D:1      | Noticed a ghoul
    20 | D:1      | Noticed a human
    20 | D:1      | Noticed a vampire
    22 | D:1      | Noticed a troll
    22 | D:1      | Noticed an ogre
    24 | D:1      | Noticed a minotaur
    24 | D:1      | Noticed a felid
    26 | D:1      | Noticed a gargoyle
   399 | D:1      | Reached XP level 2. HP: 22/25 MP: 5/5
  1302 | D:2      | Reached XP level 3. HP: 30/31 MP: 6/6
  1320 | D:2      | Found Afez's Distillery.
  1558 | D:2      | Found Lirer's Book Emporium.
  1559 | D:2      | You fall into a shaft and drop 2 floors!
  1590 | D:5      | Entered Level 5 of the Dungeon
  1642 | D:4      | HP: 1/33 [gnoll/+0 spear (1)]
  1642 | D:4      | Slain by a goblin

Illustrated notes

Levels and vault maps discovered:
D:1:      kb_arrival_jail, layout_loops_ring, grunt_decor_resistance
D:2:      layout_rooms, serial_shops, nicolae_shop_hallway_stairs,
          nicolae_square_shop, shop, chequers_ecumenical_altar_simple
D:4:      layout_basic
D:5:      minmay_chambers_of_threes, layout_rooms, ebering_ghost_rock_garden,
          serial_curves, eino_curves_01, eino_curves_01, eino_curves_01,
          serial_shops, shop, kennysheep_crisscross

Skill      XL: |  1  2 |
---------------+-------+-----
Fighting       | 2 3 |  3.7
Dodging        | |  1.7
Unarmed Combat | |  3.0
Spellcasting   | |  2.0
Transmutations | |  2.0

Action                   || total
-------------------------++-------
Melee: Unarmed           ||    96
       Tailslap          ||    12
       Kick              ||     2
       Headbutt          ||     1
 Cast: Beastly Appendage ||     1
 Stab: Sleeping          ||     1
Armor: Skin              ||    32
Dodge: Dodged            ||    54

Table legend: (Time is in decaauts)
 A = Elapsed time spent in this place.
 B = Non-inter-level travel time spent in this place.
 C = Inter-level travel time spent in this place.
 D = Time resting spent in this place.
 E = Time spent auto-exploring this place.
 F = Levels seen in this place.
 G = Mean time per level.
                   A        B        C        D        E       F      G
               +--------+--------+--------+--------+--------+-----+--------+
         Total |   1638 |   1572 |     66 |      0 |   1334 |   4 |  409.5 |
       Dungeon |   1638 |   1572 |     66 |      0 |   1334 |   4 |  409.5 |
               +--------+--------+--------+--------+--------+-----+--------+

Top non-repeatable levels by time:
     D:1: 1246 daAuts
     D:2: 309 daAuts
     D:5: 46 daAuts
     D:4: 35 daAuts
